 Dungeon Crawl Stone Soup version 0.23.2-33-g5129a83184 (webtiles) character file.

Game seed: 6472393294419806266

164 Electrofox the Stinger (level 5, 0/38 HPs)
             Began as a Draconian Venom Mage on Aug 11, 2019.
             Succumbed to an orc's poison
             ... on level 2 of the Dungeon.
             The game lasted 00:15:05 (3011 turns).

Electrofox the Stinger (Draconian Venom Mage)       Turns: 3011, Time: 00:15:06

Health: 0/38       AC:  5    Str: 10    XL:     5   Next: 21%
Magic:  4/8        EV: 12    Int: 17    God:
Gold:   105        SH:  0    Dex: 11    Spells: 4/8 levels left

rFire    + . .     SeeInvis .   f - +0 short sword
rCold    + . .     Gourm    .   (no shield)
rNeg     . . .     Faith    .   (armour unavailable)
rPois    +         Spirit   .   (helmet restricted)
rElec    +         Reflect  .   (no cloak)
rCorr    +         Harm     .   (no gloves)
MR       .....                  (no boots)
Stlth    ++........             (no amulet)
HPRegen  0.12/turn              (no ring)
MPRegen  0.11/turn              (no ring)

@: lethally poisoned (0 -> -10), about to teleport, resistant, flying, very
slightly contaminated
A: unfitting armour, cold-blooded, AC +5
a: no special abilities


You were on level 2 of the Dungeon.
You were not hungry.

You visited 1 branch of the dungeon, and saw 3 of its levels.

You collected 105 gold pieces.

Inventory:

Hand Weapons
 f - a +0 short sword (weapon)
 i - a +0 hunting sling
Jewellery
 c - a +1 ring of evasion {unknown}
 d - an uncursed ring of resist corrosion {unknown}
 m - an uncursed ring of positive energy {unknown}
Scrolls
 k - a scroll of amnesia
Potions
 g - a potion of curing {unknown}
 l - a potion of haste {unknown}
Comestibles
 b - 4 rations
 o - 6 chunks of flesh


   Skills:
 - Level 1.7 Dodging
 - Level 1.7 Stealth
 + Level 2.0 Spellcasting
 - Level 3.0 Conjurations
 * Level 0.4 Air Magic
 - Level 5.0 Poison Magic


You had 4 spell levels left.
You knew the following spells:

 Your Spells              Type           Power        Failure   Level  Hunger
a - Sting                 Conj/Pois      ###.         3%          1    #......
b - Mephitic Cloud        Conj/Pois/Air  ##......     19%         3    ###....

Your spell library contained the following spells:

 Spells                   Type           Power        Failure   Level  Hunger
 Poisonous Vapours        Pois/Air       ##....       10%         2    ###....
 Olgreb's Toxic Radiance  Pois           ###.....     24%         4    #####..
 Venom Bolt               Conj/Pois      ###.......   71%         5    ######.


Dungeon Overview and Level Annotations

Branches:
Dungeon (3/15)

Altars:
Ru


Innate Abilities, Weirdness & Mutations

Your plain brown scales are hard. (AC +5)
You cannot fit into any form of body armour.
You are cold-blooded and may be slowed by cold attacks.


Message History

You assume a fearsome visage.
Nothing appears to happen.
It was a scroll of fear.
* * * LOW HITPOINT WARNING * * *
You feel sick.
As you read the scroll labeled FAF OTTEONIO, it crumbles to dust.
You feel blessed for a moment.
It was a scroll of remove curse.
* * * LOW HITPOINT WARNING * * *
You feel sick.
As you read the scroll labeled BIFUSS GIRPHA, it crumbles to dust.
You feel strangely unstable.
It was a scroll of teleportation.
* * * LOW HITPOINT WARNING * * *
You feel sick.
It was a potion of flight.
You feel very buoyant.
You fly up into the air.
* * * LOW HITPOINT WARNING * * *
You feel sick.
It was a potion of resistance.
You feel protected.
You die...

#.# ####.#..... ###.#### #.#.####
#......####.#.# #.#.##.#......#
#########.#.##.#.##.#.#
#.......#.#......(..#.# #####
#.#####.#.####.#.#.(..#
....####.#####.#)####.#.##.#.#
###.............@.....#......#
######.####....)..#####...##### #
#.####..#.##.# #...#.)..
########.......#.##.## #)..#.###
.##.......#..........# #...#.##.
.##.......#.#.......)####........
.##.......#.#..####.............#
.##.........#...()....>........##
.##..........<....#.............#


There were no monsters in sight!

Vanquished Creatures
  Natasha (thrice) (D:2)
  2 adders (D:2)
  3 worms
  2 dart slugs
  A leopard gecko (D:1)
  5 orcs
  5 giant cockroaches
  7 goblins
  6 hobgoblins
  3 kobolds
  2 ball pythons
  7 bats
  3 frilled lizards
  7 rats
56 creatures vanquished.

Notes
Turn   | Place    | Note
-------+----------+-------------------------------------------
     0 | D:1      | Electrofox the Draconian Venom Mage began the quest for the
                  | Orb.
     0 | D:1      | Reached XP level 1. HP: 14/14 MP: 3/3
   355 | D:1      | Reached XP level 2. HP: 20/20 MP: 3/5
  1117 | D:2      | Reached XP level 3. HP: 26/26 MP: 0/6
  1211 | D:2      | Noticed Natasha
  1221 | D:2      | Killed Natasha
  1221 | D:2      | Reached skill level 4 in Poison Magic
  1488 | D:2      | Reached XP level 4. HP: 11/33 MP: 4/7
  1920 | D:2      | Learned a level 3 spell: Mephitic Cloud
  2115 | D:2      | Noticed Natasha
  2132 | D:2      | Killed Natasha
  2218 | D:2      | Noticed Natasha
  2251 | D:2      | Killed Natasha
  2251 | D:2      | Reached skill level 5 in Poison Magic
  2251 | D:2      | Reached XP level 5. HP: 7/38 MP: 0/8
  2825 | D:2      | Found a sacrificial altar of Ru.
  3010 | D:2      | HP: 1/38 [poisoned by an orc]
  3011 | D:2      | Succumbed to an orc's poison

Skill      XL: |  1  2  3  4  5 |
---------------+----------------+-----
Conjurations   | 2 3 |  3.0
Poison Magic   | 4 5 |  5.0
Dodging        | |  1.7
Stealth        | |  1.7
Spellcasting   | |  2.0
Air Magic      | |  0.4

Action                   |  1- 3 |  4- 6 || total
-------------------------+-------+-------++-------
Melee: Unarmed           |     4 |       ||     4
       Club              |    11 |       ||    11
       Short sword       |     8 |    19 ||    27
       Tailslap          |     1 |     1 ||     2
 Cast: Sting             |    49 |    60 ||   109
       Mephitic Cloud    |       |     1 ||     1
  Use: Potion            |       |     3 ||     3
       Scroll            |       |     4 ||     4
 Stab: Sleeping          |       |     1 ||     1
  Eat: Chunk             |     3 |     3 ||     6
       Ration            |       |     1 ||     1
Armor: Skin              |     6 |    14 ||    20
Dodge: Dodged            |    26 |    22 ||    48
